 Dungeon Crawl Stone Soup version 0.29-a0-824-gd827844252 (webtiles) character file.

Game seed: 10207274710959997376

6135 coolguy69 the Slicer (level 10, -5/53 HPs)
             Began as a Vine Stalker Berserker on July 11, 2022.
             Was an Elder of Trog.
             Slain by a red ugly thing (9 damage)
             ... on level 9 of the Dungeon.
             The game lasted 00:08:13 (7254 turns).

coolguy69 the Slicer (Vine Stalker Berserker)       Turns: 7254, Time: 00:08:13

Health: -5/53      AC: 16    Str: 23    XL:     10   Next: 89%
Magic:  0/11       EV: 11    Int:  7    God:    Trog [****..]
Gold:   611        SH:  0    Dex: 19    Spells: 9/9 levels left

rFire   . . .      SeeInvis .   A - +3 dagger
rCold   . . .      Faith    .   (no shield)
rNeg    . . .      Spirit   +   y - +0 chain mail of Beauty {rPois Dex+4}
rPois   +          Reflect  .   s - +2 helmet
rElec   .          Harm     .   (no cloak)
rCorr   .          Rampage  .   (no gloves)
Will    +....                   m - +1 pair of boots
Stlth   ..........              t - amulet of magic regeneration
HPRegen 0.97/turn               f - ring of poison resistance
MPRegen 0.52/turn               (no ring)

@: on berserk cooldown, slowed, very slow
A: fangs 3, regeneration 1, magic shield, antimagic bite, no potion heal 2
a: Renounce Religion, Berserk, Trog's Hand, Brothers in Arms


You were on level 9 of the Dungeon.
You worshipped Trog.
Trog was greatly pleased with you.
You visited 1 branch of the dungeon, and saw 9 of its levels.

You collected 611 gold pieces.

Inventory:

Hand Weapons
 a - a +0 short sword
 A - a +3 dagger (weapon)
Armour
 m - a +1 pair of boots (worn)
 s - a +2 helmet (worn)
 y - the +0 chain mail of Beauty (worn) {rPois Dex+4}
   (You found it on level 6 of the Dungeon)

   Dex:       It affects your dexterity (+4).
   rPois:     It protects you from poison.
Jewellery
 c - a ring of flight
 f - a ring of poison resistance (left hand)
 l - a +4 ring of protection
 n - a ring of resist corrosion
 t - an amulet of magic regeneration (around neck)
Wands
 w - a wand of digging (6)
 z - a wand of roots (16)
Scrolls
 g - 3 scrolls of noise
 j - a scroll of teleportation
Potions
 b - 2 potions of ambrosia {unknown}
 d - 2 potions of berserk rage {unknown}
 e - a potion of mutation {unknown}
 h - 6 potions of curing {unknown}
 i - a potion of magic
 k - 2 potions of heal wounds
 o - 7 potions of attraction {unknown}
 q - 2 potions of flight {unknown}
 v - a potion of lignification
 x - 2 potions of might


   Skills:
 + Level 6.7 Fighting
 + Level 9.2 Short Blades
 + Level 7.7 Armour
 + Level 4.9 Dodging
 + Level 3.9 Stealth


You had 9 spell levels left.
You didn't know any spells.
Your spell library was empty.

Dungeon Overview and Level Annotations

Branches:
Dungeon (9/15)             Temple (0/1) D:7
   Lair: D:8-11         Orc: D:9-12

Altars:
Okawaru
Trog
Uskayaw

Annotations:
D:5 2 transporters
D:6 1 runed translucent door


Innate Abilities, Weirdness & Mutations

You have razor-sharp teeth.
Your natural rate of healing is unusually fast.
When hurt, damage is shared between your health and your magic reserves.
Your bite disrupts and absorbs the magic of your enemies.
Potions cannot restore your health.


Message History

You closely miss the red ugly thing.
The red ugly thing is severely wounded.
You hit the red ugly thing. You bite the red ugly thing! You drain its power.
You feel invigorated.
The red ugly thing is almost dead.
The red ugly thing kicks you!
You are engulfed in flames!!
You are too injured to fight recklessly!
You are too injured to fight recklessly!
You are too injured to fight recklessly!
You are too injured to fight recklessly!
You are too injured to fight recklessly!
You barely miss the red ugly thing. Your bite misses the red ugly thing.
The red ugly thing is almost dead.
The red ugly thing kicks you but does no damage.
You barely miss the red ugly thing. Your bite misses the red ugly thing.
The red ugly thing is almost dead.
The red ugly thing kicks you but does no damage.
You hit the red ugly thing.
You bite the red ugly thing, but do no damage.
The red ugly thing is almost dead.
The red ugly thing kicks you!
* * * LOW HITPOINT WARNING * * *
You are engulfed in flames!!
* * * LOW HITPOINT WARNING * * *
An efreet comes into view.
It is wielding a +0 scimitar of flaming.
You hit the red ugly thing.
The red ugly thing is almost dead.
The red ugly thing barely misses you.
You hit the red ugly thing but do no damage.
You bite the red ugly thing, but do no damage.
The red ugly thing is almost dead.
You hit the red ugly thing.
The red ugly thing is almost dead.
The red ugly thing closely misses you.
Unknown command.
You hit the red ugly thing but do no damage.
Your bite misses the red ugly thing.
The red ugly thing is almost dead.
The red ugly thing kicks you!
You die...

## ..##... . ....
......... #. ###.#
......... #.##.###...##
#.....### .........#..##
#....... .##.#..###..#
#.....#
#.#)##?##.###.....#
#....?.#....#..)..#####
#..#.##@##.#.....)(.....
#...####..u####.....).####
#...#
........[##....).#### ...#
####...######...<...## ..#
##.## ##.)...... .. #R#
#.#......... .°.
#.##.#..###. ..○. #.
####.. #. . .. ##.##.


You could see a red ugly thing and an efreet.

Vanquished Creatures
  A centaur warrior (D:9)
  The ghost of zhov the Skirmisher, a novice MiHu of Gozag (D:6)
  A deep elf pyromancer (D:9)
  A manticore (D:9)
  Joseph (D:8)
  Psyche (D:8)
  A vampire (D:9)
  2 wyverns
  A water moccasin (D:7)
  Duvessa (D:6)
  2 ice beasts
  An orc warrior (D:9)
  3 black bears
  A boggart (D:9)
  An ogre (D:5)
  4 centaurs
  5 bullfrogs
  A kobold brigand (D:7)
  A necrophage (D:6)
  A scorpion (D:5)
  5 wights (D:8)
  Dowan (D:6)
  9 killer bees (D:8)
  2 howler monkeys (D:8)
  3 hounds
  2 jellies
  4 orc priests
  4 iguanas
  3 orc wizards
  A river rat (D:6)
  8 adders
  2 shadow imps
  An ufetubus (D:7)
  2 worms
  A dart slug (D:3)
  29 orcs
  7 ball pythons
  7 endoplasms
  4 giant cockroaches
  9 goblins
  8 hobgoblins
  6 quokkas
  3 bats
  3 frilled lizards
  18 kobolds
  4 rats
177 creatures vanquished.

Notes
Turn   | Place    | Note
-------+----------+-------------------------------------------
     0 | D:1      | coolguy69 the Vine Stalker Berserker began the quest for
                  | the Orb.
     0 | D:1      | Reached XP level 1. HP: 11/11 MP: 2/2
    77 | D:1      | Reached XP level 2. HP: 4/16 MP: 3/3
   827 | D:1      | Found Suel Wos's Antique Armour Shop.
   878 | D:1      | Reached skill level 3 in Short Blades
  1339 | D:2      | Reached XP level 3. HP: 20/20 MP: 4/4
  1346 | D:2      | Gained mutation: Your natural rate of healing is unusually
                  | fast. [Vine Stalker growth]
  1346 | D:2      | Reached XP level 4. HP: 9/24 MP: 5/5
  1444 | D:2      | Reached ** piety under Trog
  1507 | D:2      | Found a hide-covered altar of Uskayaw.
  1636 | D:2      | Reached skill level 1 in Stealth
  2075 | D:3      | Reached XP level 5. HP: 29/29 MP: 6/6
  2408 | D:3      | Reached skill level 4 in Short Blades
  3340 | D:4      | Found a hide-covered altar of Uskayaw.
  3340 | D:4      | Found an iron altar of Okawaru.
  3488 | D:4      | Reached XP level 6. HP: 33/33 MP: 7/7
  3606 | D:5      | Entered Level 5 of the Dungeon
  3716 | D:5      | Found a transporter.
  3757 | D:5      | Noticed a black bear
  3763 | D:5      | Killed a black bear
  3923 | D:5      | Reached *** piety under Trog
  3950 | D:5      | Reached skill level 5 in Short Blades
  3950 | D:5      | Reached XP level 7. HP: 37/37 MP: 5/8
  3982 | D:5      | Noticed a kobold demonologist
  3985 | D:5      | Found a transporter.
  4599 | D:6      | Identified the +0 chain mail of Beauty {rPois Dex+4}
  4637 | D:6      | Noticed Dowan
  4637 | D:6      | Noticed Duvessa
  4649 | D:6      | Killed Duvessa
  4651 | D:6      | Killed Dowan
  4652 | D:6      | Gained mutation: You have razor-sharp teeth. [Vine Stalker
                  | growth]
  4652 | D:6      | Reached XP level 8. HP: 42/42 MP: 9/9
  4722 | D:6      | Found a runed translucent door.
  4724 | D:6      | Noticed zhov's ghost (novice MiHu)
  4820 | D:6      | Reached skill level 6 in Short Blades
  4873 | D:6      | Found a runed translucent door.
  4902 | D:6      | Found a bloodstained altar of Trog.
  5215 | D:6      | Killed zhov's ghost
  5216 | D:6      | Reached skill level 7 in Short Blades
  5220 | D:6      | Reached XP level 9. HP: 46/46 MP: 7/10
  5225 | D:6      | Reached skill level 5 in Fighting
  5322 | D:7      | Found a staircase to the Ecumenical Temple.
  5460 | D:7      | Reached skill level 5 in Armour
  5515 | D:7      | Identified the +7 short sword of Eternal Vigilance {flame,
                  | *Corrode rElec rF++ SInv}
  5779 | D:7      | Identified the +1 ring mail "Jepher Ypayrgh" {Int+4}
  6178 | D:7      | Reached skill level 8 in Short Blades
  6287 | D:8      | Noticed Joseph
  6313 | D:8      | Killed Joseph
  6390 | D:8      | Reached XP level 10. HP: 41/52 MP: 7/11
  6391 | D:8      | Reached **** piety under Trog
  6429 | D:8      | Noticed Psyche
  6443 | D:8      | Killed Psyche
  6790 | D:8      | Reached skill level 9 in Short Blades
  7134 | D:9      | Noticed a red ugly thing
  7141 | D:9      | Noticed a centaur warrior
  7191 | D:9      | Noticed a manticore
  7193 | D:9      | Noticed a deep elf pyromancer
  7220 | D:9      | Killed a centaur warrior
  7226 | D:9      | Killed a deep elf pyromancer
  7233 | D:9      | Killed a manticore
  7250 | D:9      | HP: 1/53 [red ugly thing (13)]
  7254 | D:9      | Slain by a red ugly thing

Illustrated notes

Levels and vault maps discovered:
D:1:      wander_arrival_desolate, layout_rooms, serial_shops, shop
D:2:      layout_basic, basic_altar
D:3:      layout_loops_ring, serial_park_tiny_2, st_stairs_6
D:4:      cheibrodos_pilgrimage, layout_layer_cave,
          gammafunk_temple_overflow_pools
D:5:      gammafunk_wand_slinger, layout_basic
D:6:      layout_cave_pools, trog_hazing_becter, ebering_ghost_sewer_f,
          uniq_duvessa
D:7:      layout_basic, temple_statues
D:8:      layout_basic, uniq_joseph, uniq_psyche
D:9:      layout_loops_cross, mainiacjoe_overflow_cross_hatched,
          minmay_fractal_squares_gapless_7, uniq_erica, uniq_erolcha

Skill      XL: |  1  2  3  4  5  6  7  8  9 10 |
---------------+-------------------------------+-----
Fighting       | 3 4 6 |  6.7
Short Blades   | 3 4 5 7 8 9 |  9.2
Dodging        | 2 3 4 |  4.9
Stealth        | 1 2 3 |  3.9
Armour         | 2 3 4 5 7 |  7.7

Action                   |  1- 3 |  4- 6 |  7- 9 | 10-12 || total
-------------------------+-------+-------+-------+-------++-------
Melee: Short sword       |    72 |   224 |   124 |       ||   420
       Bite              |    16 |    58 |   107 |    63 ||   244
       Punch             |       |       |     7 |     1 ||     8
       Dagger            |       |       |   178 |   146 ||   324
Invok: Berserk           |     1 |     2 |     5 |     2 ||    10
  Use: Scroll            |       |       |    13 |     1 ||    14
 Stab: Sleeping          |       |     1 |       |       ||     1
Armor: Animal skin       |     8 |     5 |       |       ||    13
       Ring mail         |       |    51 |    17 |       ||    68
       Chain mail        |       |       |   105 |    62 ||   167
Dodge: Dodged            |    46 |   130 |   109 |    64 ||   349

Table legend: (Time is in decaauts)
 A = Elapsed time spent in this place.
 B = Non-inter-level travel time spent in this place.
 C = Inter-level travel time spent in this place.
 D = Time resting spent in this place.
 E = Time spent auto-exploring this place.
 F = Levels seen in this place.
 G = Mean time per level.
                   A        B        C        D        E       F      G
               +--------+--------+--------+--------+--------+-----+--------+
         Total |   7139 |   6842 |    297 |    692 |   4992 |   9 |  793.2 |
       Dungeon |   7139 |   6842 |    297 |    692 |   4992 |   9 |  793.2 |
               +--------+--------+--------+--------+--------+-----+--------+

Top non-repeatable levels by time:
     D:1: 1341 daAuts
     D:7: 997 daAuts
     D:4: 890 daAuts
     D:5: 873 daAuts
     D:8: 771 daAuts
     D:6: 756 daAuts
     D:3: 719 daAuts
     D:2: 652 daAuts
     D:9: 138 daAuts
